 Dungeon Crawl Stone Soup version 0.31-a0-358-gac0dbeb3ab (webtiles) character file.

Game seed: 2850278372631212953

2185 Bnni the Mimic (level 9, -4/66 HPs)
             Began as an Octopode Shapeshifter on July 25, 2023.
             Succumbed to a kobold's poison
             ... on level 7 of the Dungeon.
             The game lasted 00:08:43 (5524 turns).

Bnni the Mimic (Octopode Shapeshifter)              Turns: 5524, Time: 00:08:43

Health: -4/66      AC:  9    Str: 19    XL:     9   Next: 33%
Magic:  9/9        EV: 10    Int: 10    God:
Gold:   353        SH:  0    Dex: 17    Spells: 8/8 levels left

rFire   . . .        k - melded +7 dagger of Greatest Utility {antimagic, rF+ Dex+3}
rCold   . . .        (shield currently unavailable)
rNeg    . . .        (helmet currently unavailable)
rPois   .            d - amulet of the acrobat
rElec   .            (no ring)
rCorr   .            (no ring)
SInv    .            (no ring)
Will    +....        (no ring)
Stlth   ++           (no ring)
HPRegen 0.31/turn    (no ring)
MPRegen 0.11/turn    (no ring)
                     (no ring)

%: acrobat
@: lethally poisoned (-4 -> -38), snake-form, enlightened, flying
A: constrict, boosted hp, almost no armour, amphibious, 8 rings, large,
(camouflage 1), (gelatinous body 1), (nimble swimmer 1), (tentacles)
a: Begin Untransformation


You were on level 7 of the Dungeon.
You were an enormous anaconda.
You visited 2 branches of the dungeon, and saw 8 of its levels.
You also visited: Sewer.

You collected 353 gold pieces.

Inventory:

Hand Weapons
 k - the +7 dagger of Greatest Utility (melded) {antimagic, rF+ Dex+3}
   (You found it on level 2 of the Dungeon)

   Dex:       It affects your dexterity (+3).
   rF:        It protects you from fire.
Missiles
 q - 4 poisoned darts
Jewellery
 d - an amulet of the acrobat (around neck)
Talismans
 f - a serpent talisman
 l - a maw talisman
Wands
 g - a wand of digging (6)
 w - a wand of iceblast (8)
Scrolls
 c - a scroll of vulnerability {unknown}
 e - 3 scrolls of poison {unknown}
 n - a scroll of immolation {unknown}
 p - 3 scrolls of teleportation {unknown}
 r - 3 scrolls of noise {unknown}
 s - a scroll of summoning {unknown}
 t - a scroll of revelation {unknown}
 u - 2 scrolls of enchant armour
 v - a scroll of blinking {unknown}
Potions
 a - 3 potions of lignification
 h - 3 potions of mutation
 i - a potion of resistance
 j - a potion of might
 m - a potion of attraction
 o - a potion of cancellation {unknown}


   Skills:
 - Level 2.9 Fighting
 - Level 2.0 Dodging
 - Level 4.1 Unarmed Combat
 * Level 10.1 Shapeshifting


You had 8 spell levels left.
You didn't know any spells.
Your spell library contained the following spells:

 Spells                   Type           Power      Damage    Failure   Level
 Apportation              Tloc           0%         N/A       36%         1
 Necrotise                Necr           0%         1d4       36%         1
 Summon Small Mammal      Summ           0%         N/A       36%         1
 Sublimation of Blood     Necr           0%         N/A       50%         2
 Wereblood                Tmut           0%         N/A       50%         2
 Summon Hydra             Summ           0%         N/A       100%        7


Dungeon Overview and Level Annotations

Branches:
Dungeon (7/15)             Temple (1/1) D:4           Sewer (visited)

Altars:
Ashenzari
Elyvilon
Fedhas
Hepliaklqana
Kikubaaqudgha
Makhleb
Nemelex Xobeh
Okawaru
Qazlal
Ru
Sif Muna
Trog
Uskayaw
Vehumet
Wu Jian
Xom
Yredelemnul
The Shining One

Shops:
D:4 [

Annotations:
D:6 2 transporters


Innate Abilities, Weirdness & Mutations

You are an enormous anaconda.
You have a powerful constriction melee attack.
Your maximum health is increased.
Your armour is entirely melded.
You are incapable of wielding weapons or throwing items.
You cannot wear most types of armour.
You are amphibious.
You can wear up to eight rings at the same time.
((Your skin changes colour to match your surroundings (Stealth+).))
((Your rubbery body absorbs attacks. (AC +1, EV +1)))
((You are camouflaged when in or above water. (Stealth+)))
((You have tentacles for arms and can constrict up to eight enemies at once.))


Message History

You release your grip on the kobold brigand.
The kobold attacks as you move away! The kobold hits you but does no damage.
You are more poisoned.
You feel extremely sick.
The kobold brigand throws a poisoned dart.
The poisoned dart closely misses you. The kobold attacks as you move away!
The kobold barely misses you.
You feel very sick.
The kobold throws a stone.
The stone completely misses you.
You feel very sick. The kobold closely misses you.
The kobold completely misses you.
You hit the kobold.
You kill the kobold!
You feel very sick.
The kobold hits you with a +2 dagger of venom.
You are more poisoned.
You hit the orc. You grab the orc.
The orc is severely wounded.
You constrict the orc.
You feel very sick.
The kobold hits you with a +2 dagger of venom.
You are more poisoned.
The orc hits you with a +0 trident of venom.
You are more poisoned.
You lash the orc!
You kill the orc!
* * * LOW HITPOINT WARNING * * *
You feel extremely sick.
The kobold hits you with a +2 dagger of venom.
* * * LOW HITPOINT WARNING * * *
You are more poisoned.
It was a potion of magic.
Magic courses through your body.
* * * LOW HITPOINT WARNING * * *
You feel extremely sick. The kobold barely misses you. x2
Unknown command.
It was a potion of enlightenment.
You feel very buoyant.
You fly up into the air.
You die...

........ #. ...#. ........
#.# #.... ....K .. #.#
#.#.# #o..#. #.##.###.#.#
#.KK# ........#.#.#
#...####.##.#.....#
#..o#.........#.###
#.oK#.##.##..##.######
#.###...#S##.##..##.......
.....)oKKK##........#####.
#..#####oK#####..##.#####.
.. #.....................
..........###.#####.#####.
#....#...# #.# #.#####.
#........# #.# #.......
.......#.# #.# ########
#..##..#.# #.#


You could see a kobold brigand, an orc wizard, an orc and 3 kobolds.

Vanquished Creatures
  A two-headed ogre (D:6)
  A water moccasin (D:5)
  An ice beast (D:5)
  Pargi (Sewer)
  A black bear (D:4)
  An ogre (D:6)
  2 centaurs (D:6)
  A phantom (D:6)
  Blork the orc (D:6)
  2 scorpions
  5 killer bees (D:5)
  A howler monkey (D:6)
  A jelly (D:4)
  4 hounds
  2 orc priests
  Ijyb (D:4)
  2 iguanas
  A sleepcap (D:5)
  5 adders
  A worm (D:4)
  3 dart slugs
  19 orcs
  9 bats
  5 endoplasms
  6 giant cockroaches (D:1)
  6 goblins
  2 hobgoblins
  7 jackals
  4 quokkas
  12 ball pythons
  8 frilled lizards
  10 kobolds
  4 rats
130 creatures vanquished.

Vanquished Creatures (others)
  A giant cockroach (D:4)
1 creature vanquished.

Grand Total: 131 creatures vanquished

Notes
Turn   | Place    | Note
-------+----------+-------------------------------------------
     0 | D:1      | Bnni the Octopode Shapeshifter began the quest for the Orb.
     0 | D:1      | Reached XP level 1. HP: 13/13 MP: 1/1
   177 | D:1      | Reached XP level 2. HP: 18/18 MP: 2/2
   285 | D:1      | Found a faded altar of an unknown god.
   373 | D:1      | Reached XP level 3. HP: 14/23 MP: 3/3
  1006 | D:2      | Identified the +7 dagger of Greatest Utility {antimagic,
                  | rF+ Dex+3}
  1407 | D:2      | Reached XP level 4. HP: 17/29 MP: 1/4
  1701 | D:3      | Identified the +6 long sword "Tommefee" {flame, rN+}
  1995 | D:3      | Found a sacrificial altar of Ru.
  2213 | D:4      | Found a staircase to the Ecumenical Temple.
  2221 | Temple   | Entered the Ecumenical Temple
  2226 | D:4      | Noticed a black bear
  2235 | D:4      | Killed a black bear
  2236 | D:4      | Reached skill level 4 in Shapeshifting
  2236 | D:4      | Reached XP level 5. HP: 25/35 MP: 1/5
  2297 | D:4      | Found a hide-covered altar of Uskayaw.
  2298 | D:4      | Found a blossoming altar of Fedhas.
  2303 | D:4      | Found a shimmering altar of Xom.
  2303 | D:4      | Found an ornate altar of the Wu Jian Council.
  2304 | D:4      | Found a basalt altar of Yredelemnul.
  2396 | D:4      | Reached XP level 6. HP: 41/41 MP: 2/6
  2400 | D:4      | Found Saenoppe's Antique Armour Emporium.
  2445 | D:4      | Found a glowing drain.
  2445 | D:4      | Noticed Ijyb
  2455 | Sewer    | Entered a sewer
  2540 | Sewer    | Noticed Pargi
  2548 | Sewer    | Killed Pargi
  2549 | Sewer    | Reached skill level 5 in Shapeshifting
  2814 | D:4      | Killed Ijyb
  3117 | D:5      | Entered Level 5 of the Dungeon
  3162 | D:5      | Reached XP level 7. HP: 17/45 MP: 7/7
  3251 | D:5      | Reached skill level 6 in Shapeshifting
  3396 | D:5      | Identified the +7 mace of Linearity {freeze, rF+ rC- Will+
                  | Str+3}
  3615 | D:5      | Reached skill level 7 in Shapeshifting
  4212 | D:5      | Reached XP level 8. HP: 6/51 MP: 8/8
  4452 | D:6      | Noticed Blork the orc
  4457 | D:6      | Killed Blork the orc
  4638 | D:6      | Found a burning altar of Makhleb.
  4660 | D:6      | Reached skill level 8 in Shapeshifting
  4681 | D:6      | Noticed a kobold demonologist
  4684 | D:6      | Found a transporter.
  4688 | D:6      | Found a transporter.
  4742 | D:6      | Noticed a kobold demonologist
  4884 | D:6      | Found a radiant altar of Vehumet.
  4884 | D:6      | Noticed a two-headed ogre
  4890 | D:6      | Killed a two-headed ogre
  4891 | D:6      | Reached skill level 9 in Shapeshifting
  4891 | D:6      | Reached XP level 9. HP: 26/55 MP: 9/9
  5105 | D:6      | Reached skill level 10 in Shapeshifting
  5524 | D:7      | Succumbed to a kobold's poison

Illustrated notes

Levels and vault maps discovered:
D:1:      psy_arrival_terrarium, layout_loops_cross,
          dilly_ecumenical_altar_fadedgnrine, serial_forest,
          infiniplex_forest_clump_double, infiniplex_forest_end_3,
          infiniplex_forest_straight_3, infiniplex_forest_end_1,
          infiniplex_forest_clump_small, infiniplex_forest_corner_1,
          infiniplex_forest_lined_3_way, infiniplex_forest_3_way
D:2:      layout_basic, basic_altar
D:3:      layout_basic, overflow_temple_1_default
D:4:      layout_rooms, grunt_temple_overflow_open, minmay_temple_entry_ruins,
          cheibrodos_sewer_entry_drain, serial_shops, shop, serial_rivers,
          chequers_serial_rivers_micro_c, chequers_serial_rivers_micro_b,
          chequers_serial_rivers_marsh, chequers_serial_rivers_micro_b,
          chequers_serial_rivers_micro_d, st_stairs_8, uniq_ijyb
D:5:      layout_cave_pods, dk_noncrumbling_4
D:6:      gammafunk_wand_slinger, layout_basic, nicolae_vehumet_radiance,
          kennysheep_little_box, uniq_blork_the_orc
D:7:      layout_loops_cross, nicolae_overflow_quartered_altars
Temple:   cyrus_temple_forest

Skill      XL: |  1  2  3  4  5  6  7  8  9 |
---------------+----------------------------+-----
Fighting       | 2 |  2.9
Shapeshifting  | 4 5 7 9 10 | 10.1
Unarmed Combat | 4 |  4.1
Dodging        | |  2.0

Action                     |  1- 3 |  4- 6 |  7- 9 || total
---------------------------+-------+-------+-------++-------
  Melee: Unarmed           |    62 |    37 |   113 ||   212
         Constrict         |    22 |    16 |    25 ||    63
         Tentacles         |    12 |     8 |       ||    20
         Punch             |     4 |     3 |       ||     7
         Dagger            |    17 |    44 |       ||    61
  Throw: Dart              |       |     3 |       ||     3
  Evoke: Wand              |       |       |     3 ||     3
    Use: Scroll            |       |     5 |     3 ||     8
         Potion            |       |     1 |     7 ||     8
   Stab: Sleeping          |    10 |     4 |       ||    14
 Armour: Skin              |     3 |    29 |    65 ||    97
  Dodge: Dodged            |    46 |    48 |    98 ||   192
   Form: Anaconda          |       |     1 |       ||     1

Table legend: (Time is in decaauts)
 A = Elapsed time spent in this place.
 B = Non-inter-level travel time spent in this place.
 C = Inter-level travel time spent in this place.
 D = Time resting spent in this place.
 E = Time spent auto-exploring this place.
 F = Levels seen in this place.
 G = Mean time per level.
                   A        B        C        D        E       F      G
               +--------+--------+--------+--------+--------+-----+--------+
         Total |   5509 |   5238 |    271 |    636 |   3681 |   9 |  612.1 |
       Dungeon |   5158 |   4887 |    271 |    554 |   3488 |   7 |  736.9 |
        Temple |      3 |      3 |      0 |      0 |      0 |   1 |    3.0 |
         Sewer |    346 |    346 |      0 |     82 |    193 |   1 |  346.0 |
               +--------+--------+--------+--------+--------+-----+--------+

Top non-repeatable levels by time:
     D:5: 1294 daAuts
     D:6: 1029 daAuts
     D:1: 911 daAuts
     D:2: 732 daAuts
     D:4: 564 daAuts
     D:3: 550 daAuts
   Sewer: 346 daAuts
     D:7: 74 daAuts
  Temple: 3 daAuts
